Map: Triton LE

Players

Penguin

  • Race: Protoss Protoss
  • League: Platinum
  • Spawn Location: 5:00

ViBE - Winner!

  • Race: Terran Terran
  • League: Platinum
  • Spawn Location: 11:00

VOD

Have the link to the VOD?

Description

Time

  • Played on: Dec. 13, 2019, 8:20 p.m.
  • Length: 15:51
Show
View Real Time Build Order
Export as new Build Order

Penguin Protoss 

Build Orders: 1 Gate Expand, Blink Stalkers 

Get SALT Encoding   

  12  0:01  Probe  
  13  0:13  Probe  
  14  0:17  Pylon  
  14  0:25  Probe  
  15  0:37  Gateway, Probe (Chrono Boost)  
  16  0:47  Assimilator, Probe (Chrono Boost)  
  17  0:52  Probe (Chrono Boost)  
  18  1:03  Probe  
  19  1:15  Probe  
  20  1:26  Nexus  
  21  1:36  Cybernetics Core  
  21  1:39  Probe  
  21  1:43  Assimilator  
  21  1:51  Probe  
  21  1:54  Pylon  
  22  2:03  Probe  
  22  2:10  Stalker (Chrono Boost)  
  22  2:14  Warp Gate  
  24  2:17  Probe  
  25  2:24  Twilight Council  
  25  2:29  Probe  
  26  2:33  Stalker  
  28  2:42  Probe (Chrono Boost)  
  28  2:43  Probe (Chrono Boost)  
  31  2:52  Probe (Chrono Boost)  
  31  2:53  Probe (Chrono Boost)  
  31  2:57  Robotics Facility, Probe (Chrono Boost)  
  32  2:59  Probe  
  34  3:11  Probe  
  34  3:12  Probe  
  36  3:13  Stalker  
  38  3:24  Probe x2, Blink (Chrono Boost)  
  40  3:36  Probe x2  
  42  3:41  Pylon  
  42  3:45  Gateway, Observer  
  43  3:48  Probe  
  43  3:49  Probe  
  43  3:54  Assimilator  
  45  3:56  Assimilator  
  45  4:00  Probe  
  45  4:01  Probe  
  47  4:05  Stalker  
  47  4:06  Pylon  
  49  4:11  Pylon  
  49  4:13  Probe x2  
  51  4:25  Probe x2  
  51  4:28  Stalker  
  55  4:34  Forge  
  55  4:38  Gateway  
  55  4:41  Gateway  
  55  4:48  Nexus  
  55  4:51  Pylon  
  55  4:55  Stalker  
  55  4:59  Stalker  
  59  5:15  Probe  
  59  5:16  Probe  
  59  5:19  Protoss Ground Weapons Level 1 (Chrono Boost)  
  61  5:25  Gateway  
  61  5:27  Templar Archives  
  61  5:28  Probe x2  
  63  5:40  Probe x2  
  63  5:52  Probe x2  
  63  5:56  Observer  
  66  6:04  Probe x2  
  66  6:09  Probe  
  62  6:16  Probe x2  
  60  6:19  Stalker x2  
  60  6:20  Stalker x2  
  60  6:21  Probe  
  69  6:28  Gateway, Probe x2  
  69  6:31  Gateway  
  71  6:33  Gateway  
  71  6:34  Probe  
  71  6:35  Pylon  
  71  6:36  Assimilator  
  71  6:38  Pylon, Assimilator  
  72  6:40  Probe x2, Immortal (Chrono Boost)  
  72  6:41  Forge  
  72  6:46  Probe  
  79  6:49  Robotics Facility  
  79  6:52  Probe x2, Stalker  
  83  7:03  Probe  
  83  7:04  Probe  
  83  7:05  Probe  
  86  7:12  Immortal (Chrono Boost)  
  90  7:16  Stalker x3  
  90  7:17  Stalker x2  
  90  7:18  Probe x3  
  103  7:24  Protoss Ground Weapons Level 2 (Chrono Boost)  
  103  7:35  Protoss Ground Armor Level 1 (Chrono Boost), Nexus  
  103  7:38  Pylon  
  103  7:39  Immortal  
  103  7:41  Pylon  
  103  7:43  Probe x2  
  109  7:54  Pylon  
  109  7:56  Probe x3  
  112  7:59  Photon Cannon  
  112  8:00  Pylon  
  112  8:01  Photon Cannon  
  112  8:02  Shield Battery  
  112  8:09  Photon Cannon  
  112  8:10  Photon Cannon  
  112  8:11  Probe, Shield Battery  
  112  8:12  Probe x2  
  114  8:15  Immortal (Chrono Boost)  
  118  8:20  Immortal (Chrono Boost)  
  122  8:28  Assimilator  
  122  8:30  Assimilator  
  122  8:32  Photon Cannon  
  122  8:37  Photon Cannon  
  122  8:47  Immortal  
  126  8:52  Immortal  
  130  9:00  Photon Cannon  
  130  9:01  Photon Cannon  
  130  9:02  Shield Battery  
  130  9:07  Photon Cannon  
  130  9:09  Photon Cannon  
  130  9:11  Shield Battery  
  130  9:15  Pylon  
  130  9:19  Pylon, Protoss Ground Armor Level 2 (Chrono Boost), Stargate  
  130  9:20  Stargate  
  130  9:39  Pylon  
  130  9:45  Nexus  
  130  9:49  Pylon  
  130  9:50  Pylon  
  130  9:52  Pylon  
  130  9:53  Protoss Ground Weapons Level 3 (Chrono Boost), Warp Prism  
  130  9:54  Immortal (Chrono Boost)  
  130  9:55  Assimilator  
  136  10:00  Pylon, Assimilator  
  136  10:03  Pylon  
  136  10:12  Photon Cannon, Pylon  
  136  10:14  Photon Cannon, Shield Battery  
  136  10:18  Fleet Beacon  
  136  10:26  Immortal (Chrono Boost)  
  136  10:30  Immortal (Chrono Boost)  
  144  10:52  Stalker x3  
  144  10:53  Stalker x3  
  144  10:54  Stalker x2  
  118  11:21  Immortal x2 (Chrono Boost)  
  122  11:38  Tempest x2  
  132  11:42  Protoss Ground Armor Level 3 (Chrono Boost)  
  132  11:50  Immortal x2 (Chrono Boost)  
  140  11:58  Stalker x2  
  140  11:59  Stalker x6  
  156  12:06  Photon Cannon  
  156  12:08  Photon Cannon  
  156  12:10  Photon Cannon  
  156  12:12  Photon Cannon  
  156  12:14  Photon Cannon  
  156  12:16  Photon Cannon  
  156  12:18  Shield Battery  
  156  12:21  Shield Battery  
  156  12:22  Immortal x2 (Chrono Boost)  
  164  12:23  Shield Battery  
  164  12:25  Shield Battery  
  164  12:27  Tempest x2 (Chrono Boost)  
  124  12:39  Stalker x4  
  124  12:40  Stalker x4  
  104  12:58  Immortal x2 (Chrono Boost)  
  109  13:06  Tempest (Chrono Boost)  
  109  13:07  Tempest (Chrono Boost)  
  119  13:26  Nexus  
  118  13:28  Pylon  
  118  13:30  Pylon  
  118  13:35  Immortal x2 (Chrono Boost)  
  118  13:40  Stalker x3  
  118  13:41  Stalker  
  126  14:07  Nexus  
  126  14:08  Pylon  
  126  14:09  Assimilator  
  126  14:12  Pylon  
  126  14:13  Assimilator  
  126  14:16  Assimilator  
  130  14:17  Immortal  
  130  14:20  Assimilator  
  120  14:50  Immortal (Chrono Boost)  
  106  14:55  Immortal (Chrono Boost)  
  86  15:14  Robotics Facility  
  85  15:16  Nexus  
  85  15:17  Pylon  
  85  15:19  Immortal (Chrono Boost)  
  85  15:20  Pylon  
Show
View Real Time Build Order
Export as new Build Order

ViBE Terran - Winner!

Build Orders: Reaper Expand, Mech 

Get SALT Encoding   

  12  0:00  SCV  
  13  0:12  SCV  
  14  0:17  Supply Depot  
  14  0:24  SCV  
  15  0:39  SCV  
  15  0:40  Barracks  
  16  0:45  Refinery  
  16  0:51  SCV  
  17  1:03  SCV  
  18  1:19  SCV  
  19  1:28  Reaper  
  19  1:31  Orbital Command  
  20  1:44  Command Center  
  20  2:01  Supply Depot  
  20  2:06  SCV  
  21  2:11  Factory  
  21  2:16  Refinery  
  21  2:25  SCV  
  21  2:29  Barracks Tech Lab  
  22  2:37  SCV  
  23  2:49  SCV  
  24  2:56  Orbital Command  
  24  3:00  Supply Depot  
  24  3:01  SCV  
  25  3:06  Siege Tank  
  28  3:13  SCV  
  29  3:24  SCV  
  29  3:25  SCV  
  31  3:30  Factory  
  30  3:37  SCV x2  
  30  3:40  Factory  
  32  3:49  SCV x2  
  32  3:55  Siege Tank  
  37  3:57  Supply Depot  
  37  4:01  SCV  
  37  4:02  SCV  
  39  4:04  Barracks Reactor  
  39  4:13  SCV  
  39  4:14  SCV  
  41  4:17  Factory Tech Lab  
  41  4:22  Supply Depot  
  41  4:25  SCV  
  41  4:26  Refinery, SCV  
  41  4:27  Refinery  
  43  4:35  Command Center  
  43  4:36  Engineering Bay  
  43  4:37  SCV  
  43  4:38  SCV  
  45  4:45  Siege Tank  
  48  4:49  SCV  
  48  4:50  SCV, Hellion x2  
  54  5:01  SCV, Siege Tank  
  54  5:05  Supply Depot  
  59  5:07  SCV  
  59  5:12  Missile Turret  
  59  5:13  SCV  
  60  5:15  Missile Turret  
  60  5:22  Missile Turret  
  60  5:27  Supply Depot  
  60  5:29  SCV x2  
  60  5:34  Armory  
  62  5:48  Factory Tech Lab  
  62  5:49  Siege Tank, Hellion x2  
  67  5:55  SCV x2  
  67  6:07  SCV x2  
  64  6:19  SCV x2  
  64  6:24  Orbital Command  
  66  6:31  SCV x2  
  66  6:32  Command Center  
  68  6:36  Thor  
  68  6:38  Hellbat  
  68  6:39  Hellbat  
  78  6:43  SCV  
  78  6:44  SCV  
  80  6:53  Thor  
  86  6:56  SCV x2  
  88  7:08  SCV  
  89  7:12  SCV  
  91  7:20  SCV  
  91  7:24  SCV  
  91  7:29  Orbital Command  
  92  7:32  Thor, Armory, SCV, Terran Vehicle Weapons Level 1  
  92  7:34  Hellbat  
  101  7:43  Thor, SCV  
  101  7:44  SCV, Hellion  
  110  7:48  Sensor Tower  
  111  7:56  SCV x2  
  113  8:01  Refinery  
  113  8:02  Refinery  
  113  8:05  Supply Depot x3  
  113  8:08  SCV  
  113  8:11  Missile Turret  
  114  8:25  Hellbat  
  114  8:26  Hellbat, Thor x2  
  130  8:37  Factory  
  130  8:38  Factory  
  130  8:39  Factory, SCV x3  
  130  8:40  Terran Vehicle And Ship Armor Level 1, Factory x2  
  133  8:46  Planetary Fortress  
  133  8:51  SCV x2, Command Center  
  135  8:56  SCV  
  135  9:00  Hellion  
  136  9:03  Sensor Tower, SCV x2  
  136  9:05  Missile Turret  
  136  9:08  SCV  
  139  9:10  Supply Depot  
  139  9:15  SCV  
  140  9:28  Factory Tech Lab x3  
  140  9:29  Factory Reactor  
  140  9:30  Factory Reactor  
  140  9:31  Hellbat, Supply Depot, SCV, Hellion  
  140  9:35  Supply Depot x3  
  140  9:36  Supply Depot  
  140  9:37  Refinery x2  
  140  9:38  SCV x3  
  148  9:51  Hellion  
  148  9:53  Thor x3  
  148  9:55  Supply Depot  
  164  10:08  Command Center  
  164  10:10  Command Center  
  164  10:14  Thor x2  
  176  10:28  Hellbat x5  
  186  10:29  Hellbat, Smart Servos  
  186  10:30  Infernal Pre-Igniter  
  186  10:53  Thor x2  
  186  10:55  Terran Vehicle And Ship Armor Level 2, Terran Vehicle Weapons Level 2  
  198  10:57  Neosteel Armor  
  197  11:10  Command Center  
  193  11:16  Thor x2  
  193  11:17  Hellbat x2  
  193  11:18  Hellbat  
  197  11:19  Hellbat  
  197  11:22  Planetary Fortress  
  199  11:32  SCV  
  200  11:40  Command Center  
  200  11:56  Missile Turret  
  200  12:03  Command Center  
  200  12:04  Command Center  
  200  12:07  Factory  
  200  12:08  Factory  
  200  12:09  Factory  
  200  12:11  Refinery  
  200  12:15  Refinery  
  186  12:30  Thor x4  
  186  12:34  Orbital Command  
  181  12:37  Hellbat x4  
  181  12:38  Hellbat  
  181  12:39  Hellbat  
  181  12:43  Factory  
  183  12:44  Factory  
  183  12:47  Factory  
  175  12:53  Factory Tech Lab x3  
  175  12:57  Hi-Sec Auto Tracking  
  173  12:59  Planetary Fortress  
  173  13:11  Missile Turret  
  173  13:25  Refinery  
  173  13:27  Refinery  
  170  13:36  Thor x3  
  170  13:37  Factory Reactor, Thor  
  170  13:38  Factory Reactor, Factory Tech Lab  
  170  13:39  Thor  
  200  13:53  Orbital Command x2  
  194  14:17  Thor  
  186  14:48  Thor  
  186  14:49  Thor x2  
  186  14:50  Hellbat x2  
  176  15:04  Thor x5  
  176  15:05  Thor, Command Center  
  200  15:16  Sensor Tower  
Tags
 
Add a new tag
Caveats
  • Supply blocks, unpowered buildings, or Contaminate may cause inaccurate times.
  • Supply counts are checked every 10 seconds.